[Event "Live Chess"]
[Site "Chess.com"]
[Date "2023.05.21"]
[Round "-"]
[White "raminguy"]
[Black "YrrriKharkiv"]
[Result "0-1"]
[WhiteElo "1942"]
[BlackElo "2071"]
[TimeControl "300"]
[EndTime "6:30:06 PDT"]
[Termination "YrrriKharkiv won - game abandoned"]

1. d4 Nf6 2. Nc3 d5 3. Bf4 e6 4.
Nb5 Na6 5. e3 c6 6. Nc3 Nc7 7. Nf3 Be7 8. Bd3 h6 9. Ne5 Nd7 10. Qg4 Nxe5 11. dxe5 g5 12. Bg3 f5 13. exf6 Bxf6 14. h4 e5 15. Qh5+ Kf8 16. hxg5 Bxg5 17. Bxe5 Bf6 18. O-O-O Ne8 0-1

[Event "Live Chess"]
[Site "Chess.com"]
[Date "2023.05.21"]
[Round "-"]
[White "ClassyChameleon"]
[Black "nigelst"]
[Result "0-1"]
[WhiteElo "1083"]
[BlackElo "1706"]
[TimeControl "300"]
[EndTime "6:30:16 PDT"]
[Termination "nigelst won by resignation"]

1. e4 c6 2. d4 d5 3. exd5 cxd5 4.
Nf3 Nf6 5. Bb5+ Bd7 6. Nc3 Bxb5 7. Nxb5 Nc6 8. Bf4 Rc8 9. O-O e6 10. c3 a6 11. Nc7+ Rxc7 12. Bxc7 Qxc7 13. Qa4 Bd6 14.
Rac1 O-O 15. c4 dxc4 16. Qxc4 Rc8 17. Ne5 Nxe5 18. Qxc7 Rxc7 19. Rxc7 Bxc7 20. dxe5 Bxe5 21. b3 g6 22. f3 Nd5 23. Re1 Bd4+ 24. Kh1 e5 25. g3 f6 26. Kg2 Nc3 27. a4 a5 28.
Kh3 Kf7 29. Kg4 Nd5 30. f4 exf4 31. gxf4 f5+ 32. Kg5 Kg7 33. Re6 Bf6+ 34. Rxf6 Nxf6 35. Kh4 Ne4 36. Kh3 Nc5 37. Kg3 Nxb3 38. Kf3 Nc5 39. Ke3 Nxa4 40. Kd4 b5 41. Kd3 b4 42. Kc4 Nb6+ 43. Kb5 Nd5 44. Kxa5 b3 45. Kb5 b2 46. Kc5 Nxf4 47. Kd4 b1=Q 48. Ke5 Qe4+ 49. Kd6 Qd5+ 0-1

[Event "Live Chess"]
[Site "Chess.com"]
[Date "2023.05.21"]
[Round "-"]
[White "Alfiedog12"]
[Black "lateforthesky"]
[Result "0-1"]
[WhiteElo "916"]
[BlackElo "2110"]
[TimeControl "300"]
[EndTime "6:30:19 PDT"]
[Termination "lateforthesky won by resignation"]

1. d4 Nf6 2. Bf4 g6 3. Nf3 Bg7 4. Nbd2 d5 5. e3 O-O 6. Bd3 c5 7. c3 b6 8. Qc2 Bb7 9. O-O-O Nc6 10. h4 Rc8 11. g3 cxd4 12. exd4 Nb4 13. Qb1 Nxd3+ 14.
Qxd3 Ne4 15. Nxe4 dxe4 16. Qd2 exf3 17. Bh6 e5 18. Bxg7 Kxg7 19. h5 g5 20. h6+ Kh8 21.
Qe3 exd4 22. Qe5+ f6 23. Qxd4 Qxd4 24. Rxd4 Bc6 25. Rc4 Kg8 26. Rd1 Bb5 27. Rcd4 Rfe8 28. Rb4 Bc6 29. Rd6 Kf7 30. Rc4 Bb7 31. Rd7+ Re7 32. Rxe7+ Kxe7 33. Rxc8 Bxc8 34. Kd2 Kf7 35. Kd3 Kg6 36. Kd4 Kxh6 37. Kd5 Kg6 38. Kd6 h5 39. Kc7 h4 40. g4 h3 41. Kxc8 h2 0-1

[Event "Live Chess"]
[Site "Chess.com"]
[Date "2023.05.21"]
[Round "-"]
[White "Berdgross"]
[Black "wot-not"]
[Result "0-1"]
[WhiteElo "697"]
[BlackElo "1549"]
[TimeControl "300"]
[EndTime "6:30:22 PDT"]
[Termination "wot-not won by checkmate"]

1. d4 Nf6 2. e3 c5 3. dxc5 Qa5+ 4. Bd2 Qxc5 5. a3 e5 6. Bb4 Qb6 7. Bxf8 Rxf8 8. Nc3 Qxb2 9. Nb5 Na6 10. Nf3 d6 11.
Nxd6+ Ke7 12. Nf5+ Bxf5 13. Nxe5 Qxe5 14. Rb1 Qa5+ 15.
Ke2 Rfd8 16. Rxb7+ Kf8 17. Qb1 Rd2+ 18. Kf3 Be4+ 19.
Kg3 Qg5+ 20. Kh3 Qg4# 0-1

[Event "Live Chess"]
[Site "Chess.com"]
[Date "2023.05.21"]
[Round "-"]
[White "ProfPoisson"]
[Black "1600x"]
[Result "0-1"]
[WhiteElo "1219"]
[BlackElo "1889"]
[TimeControl "300"]
[EndTime "6:30:35 PDT"]
[Termination "1600x won by checkmate"]

1. e4 d5 2. exd5 Nf6 3. Nc3 Nxd5 4. Nxd5 Qxd5 5. Nf3 Qd7 6. d4 Nc6 7. Bb5 Qd5 8.
Bxc6+ Qxc6 9. Ne5 Qxg2 10. Qf3 Qxf3 11. Nxf3 Bg4 12. Ke2 O-O-O 13. Rg1 Bh5 14. c3 e6 15.
Rg3 Bd6 16. Rh3 Bxf3+ 17. Rxf3 f6 18. Bf4 Bxf4 19. Rxf4 h5 20. Rd1 Kd7 21. c4 Ke8 22. d5 exd5 23. Rxd5 Rxd5 24. cxd5 Kd7 25. Kd3 c6 26.
dxc6+ bxc6 27. h4 Kc7 28. Re4 Rd8+ 29. Kc3 g5 30. hxg5 fxg5 31. Re5 Rg8 32. b4 h4 33. Re7+ Kb6 34. Rh7 Rf8 35. Rg7 Rxf2 36. Rxg5 h3 37. a4 h2 38. Rh5 Rg2 39. Kc4 a6 40. a5+ Kb7 41. Kc5 Rg5+ 42. Rxg5 h1=Q 43. Rg7+ Kc8 44. Kb6 Qd5 45. Rc7+ Kd8 46. Rxc6 Qb5+ 47. Ka7 Qxc6 48. b5 Qxb5 49. Ka8 Kc7 50. Ka7 Qb7# 0-1

[Event "Live Chess"]
[Site "Chess.com"]
[Date "2023.05.21"]
[Round "-"]
[White "mattihelenius2"]
[Black "shohrehbayat"]
[Result "0-1"]
[WhiteElo "491"]
[BlackElo "2055"]
[TimeControl "300"]
[EndTime "6:30:41 PDT"]
[Termination "shohrehbayat won by resignation"]

1. d4 e6 2. c4 d5 3. Nc3 c6 4. b3 f5 5. Nf3 Nf6 6. Ne5 Bd6 7. Bf4 O-O 8. e3 Bb4 9. Qd2 Ne4 10. Qd3 Bxc3+ 11. Kd1 Nxf2+ 12. Kc1 Nxd3+ 0-1

[Event "Live Chess"]
[Site "Chess.com"]
[Date "2023.05.21"]
[Round "-"]
[White "Brooms1989"]
[Black "MarkLim1"]
[Result "1/2-1/2"]
[WhiteElo "1162"]
[BlackElo "1705"]
[TimeControl "300"]
[EndTime "6:30:43 PDT"]
[Termination "Game drawn - insufficient material"]

1. e4 c6 2. d4 d5 3. f3 g6 4.
c3 Bg7 5. Bd3 e5 6. Be3 dxe4 7.
fxe4 exd4 8. cxd4 Bxd4 9. Bxd4 Qxd4 10. Nc3 Ne7 11. Nf3 Qd7 12. O-O O-O 13. Bc4 Qxd1 14. Raxd1 b5 15. Bb3 a5 16. a3 Na6 17. Rf2 Nc5 18. Ba2 Be6 19. Bxe6 Nxe6 20. e5 Rfd8 21. Rfd2 Rxd2 22. Rxd2 Rd8 23. Rxd8+ Nxd8 24. Nd4 Ne6 25. Nxe6 fxe6 26. Kf2 Kf8 27. Ne4 Nd5 28. Nd6 b4 29. axb4 axb4 30. Ke2 c5 31. Kd3 Nf4+ 32. Kc4 Nxg2 33.
Kxc5 b3 34. Kc4 Ne3+ 35. Kxb3 Ng4 36. h3 Nxe5 37. Kc3 Ke7 38. Ne4 h6 39. b4 g5 40.
b5 Kd7 41. Kb4 Kc7 42. Ka5 g4 43. hxg4 Nxg4 44. Ka6 Kb8 45. b6 Ne5 46. Nc5 h5 47. Nxe6 h4 48. Nf4 Nf7 49. b7 Nd6 50. Kb6 Nxb7 51.
Kc6 Kc8 52. Kd5 Kd7 53. Ke4 Ke7 54. Kf3 Kf6 55. Kg4 Nd6 56. Kxh4 1/2-1/2

[Event "Live Chess"]
[Site "Chess.com"]
[Date "2023.05.21"]
[Round "-"]
[White "elephantgerrald"]
[Black "diana21strabt"]
[Result "0-1"]
[WhiteElo "686"]
[BlackElo "1769"]
[TimeControl "300"]
[EndTime "6:30:46 PDT"]
[Termination "diana21strabt won by checkmate"]

1. e4 d5 2. exd5 Qxd5 3. Nc3 Qa5 4. Nf3 Nf6 5. a3 Bg4 6. Be2 Nc6 7. b4 Nxb4 8. axb4 Qxa1 9. Ne5 Bxe2 10. Nxe2 e6 11. Nf3 O-O-O 12. O-O Qa6 13. c3 Ne4 14. Ne5 Nd6 15. c4 f6 16. c5 fxe5 17. cxd6 Bxd6 18.
Bb2 Qb5 19. d4 exd4 20. Qxd4 Qxe2 21. Qxa7 Qh5 22. Bxg7 Qxh2# 0-1

[Event "Live Chess"]
[Site "Chess.com"]
[Date "2023.05.21"]
[Round "-"]
[White "onemoretime1975"]
[Black "JanMur7"]
[Result "0-1"]
[WhiteElo "1860"]
[BlackElo "1968"]
[TimeControl "300"]
[EndTime "6:30:55 PDT"]
[Termination "JanMur7 won by checkmate"]

1. e4 e5 2. Nf3 Nc6 3. Bc4 Bc5 4. c3 Nf6 5. d3 a6 6. a3 d6 7.
h3 h6 8. O-O g5 9. Be3 g4 10.
hxg4 Bxg4 11. Bxc5 dxc5 12. Nbd2 h5 13. Qb3 Qd7 14. Ng5 Nd8 15. f3 Be6 16. Nxe6 Nxe6 17. Bxe6 Qxe6 18. Qxe6+ fxe6 19. f4 exf4 20. Rxf4 Ke7 21.
Raf1 Raf8 22. Nc4 Ng4 23. Rxf8 Rxf8 24. Rxf8 Kxf8 25. g3 b5 26. Nd2 Ne5 27. d4 Nd3 28. b3 cxd4 29. cxd4 Ne1 30. d5 exd5 31. exd5 Nc2 32. a4 Ne3 33. axb5 axb5 34. d6 cxd6 35. Ne4 Ke7 36. Nc3 b4 37. Na2 Nc2 38.
Kh2 Kf6 39. Kh3 Kg5 40. Nc1 d5 41. Nd3 d4 42. Kg2 Kg4 43. Kf2 Na1 44. Nc5 Nc2 45. Nd3 Kg5 46. Kf3 Kf5 47. Ke2 Ke4 48. Nc5+ Kd5 49. Nd3 Na1 50. Nxb4+ Ke4 51. Nd3 Nxb3 52.
Nf2+ Ke5 53. Kd3 Nc5+ 54. Kd2 Ne4+ 55. Nxe4 Kxe4 56. Ke2 d3+ 57. Kd2 Kd4 58. Kd1 Ke3 59. Ke1 d2+ 60. Kd1 Kd3 61. g4 h4 62. g5 h3 63. g6 h2 64. g7 h1=Q# 0-1

[Event "Live Chess"]
[Site "Chess.com"]
[Date "2023.05.21"]
[Round "-"]
[White "hturner40"]
[Black "Ed_Knox"]
[Result "1-0"]
[WhiteElo "1775"]
[BlackElo "1452"]
[TimeControl "300"]
[EndTime "6:30:59 PDT"]
[Termination "hturner40 won by checkmate"]

1. Nf3 g6 2. g3 Bg7 3. Bg2 c5 4. O-O Nc6 5. c4 Nf6 6. Nc3 O-O 7. d4 cxd4 8. Nxd4 Nxd4 9. Qxd4 d6 10. Qh4 e6 11. Bg5 d5 12. cxd5 exd5 13. Nxd5 Qa5 14. Nxf6+ Kh8 15. Qxh7# 1-0

[Event "Live Chess"]
[Site "Chess.com"]
[Date "2023.05.21"]
[Round "-"]
[White "McSlash1"]
[Black "GwaryTek"]
[Result "0-1"]
[WhiteElo "1998"]
[BlackElo "2072"]
[TimeControl "300"]
[EndTime "6:31:14 PDT"]
[Termination "GwaryTek won by resignation"]

1. e4 Nf6 2. e5 Nd5 3. Nc3 Nxc3 4. bxc3 d5 5. d4 c5 6. f4 Nc6 7.
Nf3 Bg4 8. Be2 e6 9. h3 Bxf3 10.
Bxf3 Qa5 11. Bd2 Qb6 12. Rb1 Qc7 13. Be3 Be7 14. O-O O-O 15. g4 f5 16. exf6 Bxf6 17. g5 Bxd4 18. cxd4 cxd4 19. Bxd4 Qxf4 20. Bc5 Qxg5+ 21.
Bg2 Rxf1+ 22. Qxf1 b6 23. Ba3 Qe3+ 24. Kh1 Qxa3 25.
c4 Rf8 26. Qe2 Nd4 27. Qe5 Qxa2 28. Re1 Qxc4 29. Rg1 Qd3 30. Bxd5 Qxh3+ 0-1

[Event "Live Chess"]
[Site "Chess.com"]
[Date "2023.05.21"]
[Round "-"]
[White "GMHarry-youtube"]
[Black "mliszewski"]
[Result "0-1"]
[WhiteElo "2031"]
[BlackElo "1810"]
[TimeControl "300"]
[EndTime "6:31:15 PDT"]
[Termination "mliszewski won by checkmate"]

1. e4 c6 2. d4 d5 3. e5 c5 4.
dxc5 Nc6 5. Nf3 Bg4 6. Be3 e6 7. Bb5 Ne7 8. b4 Ng6 9. Qd2 Bxf3 10. gxf3 Nxe5 11. Qe2 Be7 12. f4 Ng6 13. c3 O-O 14. h4 Nxh4 15. Nd2 Bf6 16. Bd3 h6 17. Nf3 Bxc3+ 18. Kd1 Nxf3 19. Rc1 d4 20. Qxf3 dxe3 21. Rxc3 Nxb4 22. Qe4 Nxd3 23. Rxd3 Qf6 24. fxe3 Qa1+ 25. Ke2 Qxa2+ 26. Kf3 Rad8 27. Rhd1 Rxd3 28. Rxd3 Qh2 29. Rd1 Qh5+ 30. Kf2 Qxd1 31. Qxb7 Qd2+ 32. Kf1 Qxe3 33. c6 h5 34. c7 Qc1+ 35. Kf2 h4 36. Qxa7 Rc8 37.
Qb8 Qxc7 38. Qb2 Qc2+ 39. Qxc2 Rxc2+ 40. Kg1 f6 41. f5 exf5 42. Kh1 g5 43. Kg1 g4 44.
Kh1 f4 45. Kg1 f3 46. Kh1 g3 47. Kg1 Rc1# 0-1

[Event "Live Chess"]
[Site "Chess.com"]
[Date "2023.05.21"]
[Round "-"]
[White "ChessClubLive"]
[Black "TheSmoulderingMaster"]
[Result "0-1"]
[WhiteElo "1657"]
[BlackElo "1662"]
[TimeControl "300"]
[EndTime "6:31:16 PDT"]
[Termination "TheSmoulderingMaster won by resignation"]

1. e4 c5 2. Nf3 d6 3. d4 cxd4 4. c3 dxc3 5. Nxc3 Nc6 6. Bc4 Nf6 7. O-O e6 8. Qe2 Be7 9. Rd1 O-O 10. Be3 e5 11.
Rac1 Bg4 12. h3 Bh5 13. g4 Nxg4 14. hxg4 Bxg4 15. Kg2 Kh8 16. Rh1 f5 17. Nd5 fxe4 18. Rxh7+ Kxh7 19. Rh1+ Bh4 20. Rxh4+ Qxh4 21. Nxh4 Bxe2 22.
Bxe2 Nd4 23. Bxd4 exd4 24. Bh5 d3 25. Bg6+ Kh6 26. Bxe4 d2 27. Bc2 Rac8 28. Nc3 Rfe8 29. Nf3 d5 30. Nxd2 d4 31. Nde4 dxc3 32. bxc3 Rc4 33.
Bd3 Rcxe4 0-1

[Event "Live Chess"]
[Site "Chess.com"]
[Date "2023.05.21"]
[Round "-"]
[White "risinghelios"]
[Black "ameetghasi100"]
[Result "0-1"]
[WhiteElo "1897"]
[BlackElo "2580"]
[TimeControl "300"]
[EndTime "6:31:18 PDT"]
[Termination "ameetghasi100 won by resignation"]

1. e4 c5 2. c3 Nf6 3. e5 Nd5 4.
d4 cxd4 5. cxd4 d6 6. exd6 e6 7. Nf3 Bxd6 8. Bc4 Nc6 9. O-O O-O 10. Bxd5 exd5 11. Nc3 Ne7 12. Be3 Bg4 13. h3 Bh5 14.
Bg5 f6 15. Bh4 Nf5 16. Qb3 Bxf3 17. Nxd5 Kh8 18. gxf3 Nxh4 19. Kh1 Qd7 20. f4 Qf5 21. Qg3 Qxd5+ 22. Kh2 Ng6 0-1

[Event "Live Chess"]
[Site "Chess.com"]
[Date "2023.05.21"]
[Round "-"]
[White "manthanit"]
[Black "ms_lilley"]
[Result "1-0"]
[WhiteElo "1082"]
[BlackElo "604"]
[TimeControl "300"]
[EndTime "6:31:20 PDT"]
[Termination "manthanit won by checkmate"]

1. e4 e6 2. d4 d5 3. exd5 exd5 4. Nc3 c6 5. h3 a6 6. Bd3 Nf6 7. Nf3 h6 8. O-O Bd6 9. Ne2 O-O 10. c4 Nbd7 11.
cxd5 cxd5 12. b3 b5 13. Bb2 Bb7 14. a4 b4 15. Ng3 a5 16. Rc1 Nb6 17. Qd2 Bxg3 18.
fxg3 Nh5 19. Kh2 Nd7 20. Ne5 Nxe5 21. dxe5 Qe7 22. Rce1 Qe6 23. Bf5 Qd7 24. Bxd7 d4 25. Bxd4 Rad8 26. Bg4 Nxg3 27. Kxg3 g5 28. Kh2 Bd5 29.
Bb6 Bxb3 30. Qb2 Bxa4 31. Bxa5 b3 32. Bxd8 Rxd8 33. Rd1 Re8 34. Rfe1 Kf8 35. Bd7 Re7 36.
Bxa4 f5 37. exf6 Rf7 38. Bxb3 h5 39. Bxf7 Kxf7 40. Rf1 g4 41. h4 Kg6 42. g3 Kf7 43.
Rde1 Kg6 44. Qe2 Kf7 45. Qe5 Kg6 46. Qg5+ Kf7 47. Qxh5+ Kf8 48. Qxg4 Kf7 49. Qd7+ Kg6 50. g4 Kh6 51. Kh3 Kg6 52. Qd5 Kh6 53. h5 Kh7 54. g5 Kh8 55. Kh4 Kh7 56. Re7+ Kh8 57. Qd8# 1-0

[Event "Live Chess"]
[Site "Chess.com"]
[Date "2023.05.21"]
[Round "-"]
[White "davigator"]
[Black "HoarseyHorsey"]
[Result "1-0"]
[WhiteElo "2305"]
[BlackElo "1467"]
[TimeControl "300"]
[EndTime "6:31:22 PDT"]
[Termination "davigator won by resignation"]

1. e4 c5 2. Nf3 e6 3. d4 cxd4 4.
Nxd4 Nf6 5. Nc3 Nc6 6. a3 Be7 7. f4 d5 8. e5 Nd7 9. Be3 Nxd4 10. Bxd4 Qa5 11. b4 Qc7 12. Nb5 Qd8 13. Qg4 O-O 14. Bd3 a6 15. Nc3 f6 16. Qxe6+ Kh8 17. Qxd5 fxe5 18.
fxe5 Nb6 19. Qxd8 Bxd8 20. O-O-O Bg5+ 21. Kb1 Nd7 22. Be4 b5 1-0

[Event "Live Chess"]
[Site "Chess.com"]
[Date "2023.05.21"]
[Round "-"]
[White "zdanevych"]
[Black "BillythekidFellowes"]
[Result "0-1"]
[WhiteElo "1504"]
[BlackElo "2075"]
[TimeControl "300"]
[EndTime "6:31:23 PDT"]
[Termination "BillythekidFellowes won by resignation"]

1. d4 Nf6 2. c4 e6 3. Nc3 d5 4. cxd5 exd5 5. Nf3 c6 6. h3 Bd6 7. Bg5 O-O 8. e3 Bf5 9. Bd3 Bxd3 10. Qxd3 Nbd7 11.
O-O Bc7 12. Rac1 h6 13. Bh4 Qe7 14. Rfe1 Qe6 15. e4 Nxe4 16. Nxe4 dxe4 17. Rxe4 Qg6 18. Qe3 Nb6 19. Re7 Nd5 20. Re4 Nxe3 0-1

[Event "Live Chess"]
[Site "Chess.com"]
[Date "2023.05.21"]
[Round "-"]
[White "MJMykh"]
[Black "DoYouLikeCurry"]
[Result "1-0"]
[WhiteElo "1162"]
[BlackElo "1436"]
[TimeControl "300"]
[EndTime "6:31:24 PDT"]
[Termination "MJMykh won by checkmate"]

1. e4 c6 2. Nf3 d5 3. exd5 cxd5 4.
Nc3 Nf6 5. Bb5+ Nc6 6. Bxc6+ bxc6 7. O-O g6 8. h3 Bg7 9. d4 e6 10. Bg5 O-O 11. Ne5 Qb6 12. Bxf6 Bxf6 13. Rb1 c5 14. Nf3 cxd4 15. Ne2 Ba6 16. Re1 Rac8 17. Nexd4 Bxd4 18. Nxd4 Rc4 19. c3 Rfc8 20. Nc2 Bb7 21. Ne3 R4c5 22. Nc2 Qc6 23. Nb4 Qd7 24. Nd3 Rc4 25. Ne5 Qc7 26.
Nxc4 Qxc4 27. Qc2 Qc6 28. f3 Qb6+ 29. Kh2 Qc7+ 30. g3 Qb6 31. a3 Ba6 32. Red1 h5 33.
Qd2 h4 34. Qd4 Qd6 35. f4 hxg3+ 36. Kxg3 g5 37. Kg4 Be2+ 38. Kxg5 Bxd1 39. Qxd1 Qe7+ 40. Kg4 f5+ 41. Kg3 Qg7+ 42. Kf3 Rc4 43. Qg1 Qxg1 44.
Rxg1+ Kf7 45. h4 Rc8 46. Ke3 Rh8 47. Rh1 Kf6 48. Kd4 Rb8 49. b4 Re8 50. a4 e5+ 51.
fxe5+ Rxe5 52. h5 f4 53. h6 Re8 54. Kxd5 Rh8 55. c4 Kg6 56. Ke4 Rxh6 57. Rxh6+ Kxh6 58. Kxf4 Kg7 59. Ke5 Kf7 60. Kd6 Ke8 61. Kc7 Ke7 62.
Kb7 Kd6 63. Kxa7 Kc6 64. b5+ Kc5 65. b6 Kxc4 66. b7 Kb4 67. b8=Q+ Kxa4 68. Qb6 Ka3 69. Qb5 Ka2 70. Qb4 Ka1 71. Ka6 Ka2 72. Ka5 Ka1 73. Ka4 Ka2 74. Kb5 Ka1 75. Kc4 Ka2 76. Kc3 Ka1 77. Kc2 Ka2 78. Qb2# 1-0

[Event "Live Chess"]
[Site "Chess.com"]
[Date "2023.05.21"]
[Round "-"]
[White "LiamBellwood"]
[Black "SupremeTactician"]
[Result "0-1"]
[WhiteElo "1906"]
[BlackElo "2231"]
[TimeControl "300"]
[EndTime "6:31:25 PDT"]
[Termination "SupremeTactician won by resignation"]

1. d3 d5 2. Nd2 c5 3. e4 d4 4. g3 Nc6 5. Bg2 g6 6. f4 Bg7 7. Ngf3 e6 8. O-O Nge7 9. Nc4 b6 10. e5 O-O 11. a4 Ba6 12. Nd6 Nf5 13. Nxf5 exf5 14.
b3 Rc8 15. Nd2 Bb7 16. Nc4 Ba8 17. Nd6 Rb8 18. Bd2 Ne7 19. Bxa8 Rxa8 20. a5 Nd5 21. Re1 Qd7 22. Qf3 Qc6 23. Qxd5 Qxd5 0-1

[Event "Live Chess"]
[Site "Chess.com"]
[Date "2023.05.21"]
[Round "-"]
[White "ShanthamGrarks"]
[Black "JoRoSaR"]
[Result "1-0"]
[WhiteElo "1968"]
[BlackElo "1686"]
[TimeControl "300"]
[EndTime "6:31:34 PDT"]
[Termination "ShanthamGrarks won by resignation"]

1. d4 f5 2. Nc3 Nf6 3. e4 fxe4 4. f3 exf3 5. Nxf3 e6 6. Bg5 Be7 7. Bd3 O-O 8. O-O d5 9. Qe1 Qe8 10. Qh4 h6 11. Bxh6 gxh6 12. Qxh6 Rf7 13. Bg6 Qf8 14.
Bxf7+ Kxf7 15. Ne5+ Ke8 16. Qg6+ Kd8 17. Nf7+ Kd7 18.
Rxf6 Bxf6 19. Qxf6 Qe7 20. Ne5+ Kd8 21. Qh8+ Qe8 22.
Qh7 Nc6 23. Nf7+ Kd7 24. Re1 Qe7 25. Nxd5 1-0

[Event "Live Chess"]
[Site "Chess.com"]
[Date "2023.05.21"]
[Round "-"]
[White "wadsy27"]
[Black "Ian-Morley"]
[Result "1-0"]
[WhiteElo "2551"]
[BlackElo "1058"]
[TimeControl "300"]
[EndTime "6:31:38 PDT"]
[Termination "wadsy27 won by resignation"]

1. e4 e5 2. Nf3 Nc6 3. Bb5 a6 4. Bxc6 dxc6 5. d4 exd4 6. Qxd4 Qxd4 7. Nxd4 c5 8. Nf3 Bg4 9. Bf4 Bxf3 10. gxf3 c6 11. a4 O-O-O 12. a5 Bd6 13. Bxd6 Rxd6 14. Nd2 Nf6 15. Nc4 Rdd8 16. Ke2 Kc7 17. Rad1 Rxd1 18. Rxd1 Rd8 19. Rxd8 Kxd8 20. Nd6 Kc7 21. Nxf7 b6 22. axb6+ Kxb6 23. e5 Nd5 24. c4 Nf4+ 25. Ke3 Ne6 26. f4 g6 27. Ng5 Nxg5 28. fxg5 Kc7 29. Ke4 Kd7 30. f4 Ke6 31. f5+ gxf5+ 32. Kf4 a5 33. b3 1-0

[Event "Live Chess"]
[Site "Chess.com"]
[Date "2023.05.21"]
[Round "-"]
[White "smoggyrabbit"]
[Black "seabuck"]
[Result "0-1"]
[WhiteElo "1629"]
[BlackElo "1881"]
[TimeControl "300"]
[EndTime "6:31:42 PDT"]
[Termination "seabuck won on time"]

1. d4 e6 2. Nf3 Nf6 3. e3 c5 4. Bd3 Nc6 5. O-O Qb6 6. b3 cxd4 7. exd4 Nxd4 8. Bb2 Nxf3+ 9. Qxf3 Be7 10. Nd2 Qc6 11.
Qxc6 bxc6 12. Nc4 O-O 13. Rae1 Ba6 14. f4 Bxc4 15. Bxc4 Bc5+ 16. Kh1 d5 17. Bd3 Ng4 18. Re2 Bb6 19. Rf3 d4 20. Rh3 h6 21. Rg3 Nf6 22. c3 Rfd8 23. cxd4 Bxd4 24. h3 Bxb2 25. Rxb2 Rd4 26. f5 Rad8 27. Bb1 e5 28. Re3 R8d5 29.
Rbe2 Rd1+ 30. Re1 c5 31. Rxe5 Rxb1 32. Rxb1 Rxe5 33. g4 Nd5 34. Rc1 Nf4 35. a3 h5 36.
b4 cxb4 37. axb4 hxg4 38. hxg4 Re4 39. b5 Nd5 40. Rc8+ Kh7 41. Ra8 Rb4 42. Rxa7 f6 43.
Rb7 Nc3 44. Rc7 Nxb5 45. Rc2 Rxg4 46. Rh2+ Kg8 47. Rb2 Nd6 0-1

[Event "Live Chess"]
[Site "Chess.com"]
[Date "2023.05.21"]
[Round "-"]
[White "matt1979"]
[Black "daveeeeR"]
[Result "1-0"]
[WhiteElo "1524"]
[BlackElo "1289"]
[TimeControl "300"]
[EndTime "6:31:42 PDT"]
[Termination "matt1979 won by resignation"]

1. f4 c5 2. Nf3 Nc6 3. e3 d6 4. Bb5 e5 5. fxe5 dxe5 6. Nxe5 Bd7 7. Nxd7 Qxd7 8. Qf3 Nf6 9. O-O Be7 10. Bxc6 bxc6 11. Nc3 O-O 12. Ne4 Rab8 13. d3 h6 14. Rd1 Nh7 15.
Qg3 Ng5 16. Nxg5 Bxg5 17. e4 Qd4+ 18. Kh1 Bxc1 19. Raxc1 Rxb2 20. a3 Ra2 21. c3 Qd7 22. Ra1 Rxa1 23. Rxa1 Rb8 24. Qxb8+ 1-0

[Event "Live Chess"]
[Site "Chess.com"]
[Date "2023.05.21"]
[Round "-"]
[White "Biranidun"]
[Black "EdenHazard8"]
[Result "0-1"]
[WhiteElo "2515"]
[BlackElo "1983"]
[TimeControl "300"]
[EndTime "6:31:52 PDT"]
[Termination "EdenHazard8 won by checkmate"]

1. e4 e6 2. d4 d5 3. Nc3 dxe4 4. Nxe4 Nd7 5. Nf3 Ngf6 6. Nxf6+ Nxf6 7. Bd3 Bd6 8. Qe2 O-O 9. Bg5 h6 10. Bh4 b6 11. O-O-O Bb7 12. Rhg1 Be7 13. Ne5 Nd5 14. Bg3 Rc8 15. Qe4 f5 16. Qe2 Ba8 17. f3 Bg5+ 18.
Kb1 Be3 19. Rge1 f4 20. Bf2 Qd6 21. Ng4 Qb4 22. Ka1 c5 23. Bxe3 fxe3 24. dxc5 Rxc5 25. Nxe3 Ra5 26. Nc4 Nc3 27. Qxe6+ Kh8 28. Nxa5 Qxa5 29. Re5 Bd5 30. Rxd5 Qxa2# 0-1

[Event "Live Chess"]
[Site "Chess.com"]
[Date "2023.05.21"]
[Round "-"]
[White "SavagePawn7"]
[Black "Tiltador"]
[Result "0-1"]
[WhiteElo "782"]
[BlackElo "841"]
[TimeControl "300"]
[EndTime "6:32:09 PDT"]
[Termination "Tiltador won by resignation"]

1. e4 e5 2. d4 exd4 3. c3 dxc3 4. Bc4 d6 5. Qb3 Be6 6. Bxe6 fxe6 7. Qxe6+ Qe7 8.
Qxe7+ Bxe7 9. Nxc3 Nf6 10. Nf3 O-O 11. O-O Nc6 12. Bg5 Rae8 13. Rae1 Nd7 14. Bxe7 Nxe7 15. Nd5 Nxd5 16. exd5 Rxe1 17. Rxe1 Nc5 18. Nd4 Nd3 19.
Re2 c5 20. Ne6 Rb8 21. Rd2 Nb4 22.
a3 Na6 23. h4 b5 24. g4 b4 25. axb4 Nxb4 26. g5 g6 27. f4 c4 28. Rf2 Nd3 29.
Rf3 Rxb2 30. f5 Rb1+ 31. Kg2 Ne1+ 32. Kf2 Nxf3 33. Kxf3 Rb3+ 34. Kg4 gxf5+ 35. Kxf5 Rf3+ 0-1

[Event "Live Chess"]
[Site "Chess.com"]
[Date "2023.05.21"]
[Round "-"]
[White "HadesLearmonth"]
[Black "Hacker_2009"]
[Result "0-1"]
[WhiteElo "1202"]
[BlackElo "1921"]
[TimeControl "300"]
[EndTime "6:32:30 PDT"]
[Termination "Hacker_2009 won by checkmate"]

1. e4 c5 2. Nf3 d6 3. d4 cxd4 4. Nxd4 Nf6 5. Nc3 a6 6. Bc4 e6 7.
O-O Be7 8. Bg5 O-O 9. Qf3 b5 10. Bd3 Bb7 11. Rae1 Nc6 12. e5 Na5 13. Qh3 dxe5 14.
Bxf6 g6 15. Qh6 Bxf6 16. Nf3 Rc8 17. Nxe5 Bxe5 18. Rxe5 Qf6 19. Rfe1 Rfd8 20. R5e3 Nc4 21. Rf3 Bxf3 22. gxf3 Ne5 23. Re4 Nxf3+ 24. Kf1 Ng5 25. Rg4 Nf3 26. Ne4 Qe5 27. Kg2 f5 28. Rg3 fxe4 29. Bxe4 Qxe4 30. Rxf3 Rf8 31. Qh3 Qxf3+ 32. Qxf3 Rxf3 33. Kxf3 Rxc2 34. Ke4 Rxb2 35. f4 Rxa2 36. h4 Rh2 37. f5 exf5+ 38. Kf4 Rxh4+ 39. Kg5 Rg4+ 40. Kh6 Ra4 41. Kg5 f4 42. Kh6 f3 43. Kg5 f2 44.
Kh6 f1=Q 45. Kg5 Qf5+ 46. Kh6 Rh4# 0-1

[Event "Live Chess"]
[Site "Chess.com"]
[Date "2023.05.21"]
[Round "-"]
[White "viktorskliarov"]
[Black "Anirudh_23"]
[Result "1-0"]
[WhiteElo "2651"]
[BlackElo "1884"]
[TimeControl "300"]
[EndTime "6:32:35 PDT"]
[Termination "viktorskliarov won by resignation"]

1. e4 e6 2. d4 d5 3. e5 c5 4.
c3 Nc6 5. Nf3 Qb6 6. a3 f6 7.
Bd3 fxe5 8. dxe5 Bd7 9. O-O O-O-O 10. b4 h6 11. Bf4 g5 12. Bg3 Bg7 13. Re1 Nge7 14.
Nbd2 Rhf8 15. bxc5 Qxc5 16. Nb3 Qb6 17. Nbd4 Rde8 18.
Rb1 Qa5 19. Nb5 1-0

[Event "Live Chess"]
[Site "Chess.com"]
[Date "2023.05.21"]
[Round "-"]
[White "Delacorta"]
[Black "Hussamalhaidar"]
[Result "0-1"]
[WhiteElo "1384"]
[BlackElo "1143"]
[TimeControl "300"]
[EndTime "6:32:41 PDT"]
[Termination "Hussamalhaidar won on time"]

1. d4 e5 2. dxe5 d6 3. exd6 Bxd6 4. Nf3 Nf6 5. e3 Nc6 6. Be2 Bf5 7. c3 Qe7 8. O-O O-O-O 9. Qa4 Kb8 10. Bb5 Ne5 11. Nxe5 Qxe5 12. g3 Be4 13. Nd2 a6 14.
Be2 Bc6 15. Qb3 Qd5 16. Qxd5 Bxd5 17. Bf3 h5 18. Bxd5 Nxd5 19. Nf3 f6 20. Rd1 Nb6 21.
b3 g5 22. Nd4 h4 23. Nf5 hxg3 24. fxg3 Be5 25. Bb2 Nd5 26. Rab1 Bxc3 27. Bxc3 Nxc3 28.
Rxd8+ Rxd8 29. Re1 Nxa2 30. Nd4 Nc3 31. Rf1 Ne4 32. Rc1 c5 33. Ne2 b6 34. Kg2 Rd2 35. Kf3 f5 36. Rh1 Rb2 37. h4 g4+ 38. Kf4 Rxe2 39.
h5 Rd2 40. h6 Rd8 41. Kxf5 Rh8 42. Kxe4 a5 43. Kf5 b5 44. Kg6 a4 45. Kg7 Rc8 46.
h7 Rc7+ 47. Kg8 Rc8+ 0-1

[Event "Live Chess"]
[Site "Chess.com"]
[Date "2023.05.21"]
[Round "-"]
[White "whitedjohn"]
[Black "Doge_Dandolo"]
[Result "0-1"]
[WhiteElo "1671"]
[BlackElo "1901"]
[TimeControl "300"]
[EndTime "6:32:43 PDT"]
[Termination "Doge_Dandolo won by resignation"]

1. e4 c6 2. d4 d5 3. exd5 cxd5 4. Bd3 Nc6 5. c3 Qc7 6. Nf3 Bg4 7. O-O e6 8. Bg5 Bd6 9. h3 Bxf3 10. Qxf3 Nge7 11. Bxe7 Bxe7 12. Nd2 Rb8 13. Qg4 Bf6 14. f4 b5 15.
f5 O-O 16. fxe6 fxe6 17. Rae1 e5 18. dxe5 Nxe5 19. Qe6+ Kh8 20. Qxd5 Rbd8 21. Rxe5 Rxd5 22. Rxd5 g6 23. Ne4 Bg7 24. Rxf8+ Bxf8 25. Bxb5 Qb7 26. c4 a6 0-1